Map: Dead of Night

Players

ViS

  • Race: Zerg Zerg

MemeMastodon

  • Race: Terran Terran
  • Spawn Location: 0:00

VOD

Have the link to the VOD?

Description

Time

  • Played on: March 14, 2018, 7:51 p.m.
  • Length: 19:12
Show
View Real Time Build Order
Export as new Build Order

ViS Zerg 

Build Orders:  

Get SALT Encoding   

  18  0:07  Primal Drone  
  19  0:14  Primal Drone  
  20  0:22  Extractor  
  20  0:31  Primal Drone  
  20  0:34  Primal Drone  
  22  0:41  Primal Drone  
  23  1:08  Primal Drone, Primal Warden  
  25  1:16  Extractor  
  25  1:32  Primal Drone x2  
  27  1:47  Primal Drone  
  28  2:14  Primal Drone, Glevig's Den  
  28  2:15  Primal Drone  
  29  2:48  Primal Drone x2  
  31  2:50  Extractor  
  31  2:57  Primal Drone  
  31  2:58  Primal Warden  
  33  3:23  Primal Drone  
  34  3:35  Primal Drone  
  34  3:36  Primal Attacks Level 1  
  35  3:58  Primal Drone  
  36  4:01  Primal Roach x3  
  36  4:02  Primal Roach  
  36  4:03  Concentrated Fire  
  36  4:05  Primal Drone  
  45  4:17  Primal Drone  
  46  4:30  Primal Igniter  
  46  4:31  Primal Igniter  
  46  4:37  Murvar's Den  
  43  4:48  Primal Roach x2  
  47  5:12  Primal Drone x3  
  47  5:14  Primal Roach x2  
  47  5:15  Primal Igniter  
  53  5:31  Primal Roach x2  
  53  5:32  Primal Drone  
  58  5:55  Primal Igniter  
  58  5:59  Primal Igniter  
  56  6:00  Primal Drone x2  
  58  6:17  Primal Roach x2  
  58  6:18  Primal Roach x2  
  58  6:19  Primal Roach x3  
  72  6:33  Primal Attacks Level 2  
  72  6:48  Primal Drone  
  72  6:49  Primal Drone  
  74  6:51  Primal Igniter x2  
  74  6:52  Primal Igniter  
  74  6:53  Dakrun's Den  
  74  6:56  Primal Roach  
  69  7:22  Primal Roach x2  
  69  7:23  Primal Drone x3, Primal Roach  
  78  8:01  Primal Drone  
  78  8:02  Primal Drone x2  
  78  8:03  Primal Roach x3  
  78  8:04  Primal Roach x3  
  93  8:28  Primal Drone  
  94  8:39  Primal Drone  
  95  8:53  Primal Drone  
  95  8:55  Primal Roach x5  
  95  8:56  Primal Roach x3  
  112  9:47  Primal Igniter x3  
  112  9:48  Primal Igniter x4  
  112  9:49  Primal Igniter  
  104  9:51  Primal Igniter  
  104  9:52  Primal Drone x3  
  104  9:53  Primal Attacks Level 3  
  104  10:11  Primal Drone  
  104  10:19  Primal Wurm  
  108  10:23  Primal Wurm  
  108  10:59  Primal Wurm  
  108  11:08  Primal Roach  
  108  11:09  Primal Roach x4  
  118  11:10  Primal Roach x4  
  118  11:11  Primordial Fury  
  118  11:13  Primal Drone  
  127  11:41  Primal Guardian x3  
  127  11:42  Primal Guardian  
  127  11:44  Primal Roach  
  127  11:45  Primal Roach x3  
  127  11:46  Primal Roach  
  131  12:10  Explosive Spores  
  131  12:16  Primal Guardian x2  
  131  12:18  Primal Roach  
  131  12:19  Primal Roach  
  133  12:20  Primal Roach x2  
  133  12:28  Primal Warden  
  133  12:29  Primal Warden  
  139  12:39  Primal Drone  
  140  12:59  Primal Drone x2  
  142  13:02  Primal Guardian x2  
  142  13:03  Primal Roach  
  142  13:04  Primal Roach x2  
  139  13:48  Primal Guardian  
  138  13:56  Primal Roach  
  138  13:57  Primal Roach x3  
  144  14:07  Primal Drone x4  
  141  14:30  Primal Roach x2  
  141  14:31  Primal Roach x4  
  141  14:33  Primal Guardian x2  
  141  14:36  Primal Zergling x9  
  141  14:37  Primal Zergling x2  
  150  15:17  Primal Guardian  
  150  15:18  Primal Guardian x2  
  145  16:13  Primal Zergling x11  
  145  16:14  Primal Zergling x9  
Show
View Real Time Build Order
Export as new Build Order

MemeMastodon Terran 

Build Orders:  

Get SALT Encoding   

  12  0:04  SCV  
Tags
 
Commander
DehakaRaynor
Matchup
Co-op
Replay Pack
Co-op Speedrun
Add a new tag
Caveats
  • Supply blocks, unpowered buildings, or Contaminate may cause inaccurate times.
  • Supply counts are checked every 10 seconds.